cohdb
Replays
Latest Replays
All Replays
Popular Replays
Top Player Replays
Match Explorer
How It Works
Community
CoH3 Stats
Reddit
Sign in to upload your games and track your stats! →
Sign in with Steam
Match 43738859
Unlisted
Match 43738859
Overview
Messages
Build Orders
End
Construct Section Command Post
Dingo Light Scout Car
Infantry Section
Infantry Section
Infantry Section
Infantry Section
Grenade Package
Construct Platoon Command Post
Infantry Training
6-pounder Anti-tank Gun Team
Unlock Bishop Self-propelled Artillery
Bishop Self-propelled Artillery
Infantry Section
Infantry Section
Light Vehicle Training
Bishop Self-propelled Artillery
Infantry Section
Infantry Section
B1t
SkyCurv
GreyFox_13
FloofieDog
0
0
Comments
sign in to comment!
No comments posted yet!